 Dungeon Crawl Stone Soup version 0.27-a0-1140-g099f9bb0e8 (webtiles) character file.

Game seed: 12743530846065818809

2 CurlyBrace the Chiller (level 1, -13/7 HPs)
             Began as a Felid Ice Elementalist on May 10, 2021.
             Killed by an exploding hobgoblin (20 damage)
             ... ignited by their inner flame
             ... on level 4 of the Dungeon.
             The game lasted 00:00:59 (99 turns).

CurlyBrace the Chiller (Felid Ice Elementalist)       Turns: 99, Time: 00:01:01

Health: -13/7      AC:  1    Str:  4    XL:     1   Next: 33%
Magic:  3/4        EV: 17    Int: 16    God:
Gold:   31         SH:  0    Dex: 16    Spells: 3/4 levels left
                                        Lives:  0   Deaths: 0

rFire    . . .     SeeInvis +   (weapon unavailable)
rCold    . . .     Faith    .   (shield unavailable)
rNeg     . . .     Spirit   .   (armour unavailable)
rPois    .         Reflect  .   (helmet unavailable)
rElec    .         Harm     .   (cloak unavailable)
rCorr    .         Rampage  .   (gloves unavailable)
Will     .....                  (boots unavailable)
Stlth    ++........             (no amulet)
HPRegen  0.02/turn              (no ring)
MPRegen  0.09/turn              (no ring)

@: quick
A: very small, claws 1, fangs 3, see invisible, speed 1, shaggy fur 1, stealthy
paws, no weapons or thrown items, no armour, multi-lived
a: no special abilities


You were on level 4 of the Dungeon.
You visited 1 branch of the dungeon, and saw 4 of its levels.

You collected 31 gold pieces.

Inventory:

Scrolls
 a - 2 scrolls of enchant armour
 c - a scroll of noise


   Skills:
 * Level 0.2 Fighting
 + Level 2.7 Dodging
 + Level 2.7 Stealth
 * Level 0.2 Unarmed Combat
 - Level 2.0 Spellcasting
 - Level 3.6 Ice Magic


You had 3 spell levels left.
You knew the following spells:

 Your Spells              Type           Power      Damage    Failure   Level
a - Freeze                Ice            52%        1d7       4%          1

Your spell library contained the following spells:

 Spells                   Type           Power      Damage    Failure   Level
 Frozen Ramparts          Ice            26%        1d4       14%         3
 Ozocubu's Armour         Ice            13%        N/A       14%         3
 Hailstorm                Conj/Ice       7%         3d4       69%         4
 Metabolic Englaciation   Hex/Ice        3%         N/A       95%         5


Dungeon Overview and Level Annotations

Branches:
Dungeon (4/15)
 Temple: D:4-7

Altars:

Annotations:
D:3 Grinder


Innate Abilities, Weirdness & Mutations

You have sharp claws.
You have razor-sharp teeth.
You have supernaturally acute eyesight. (SInv)
You cover ground quickly. (Speed+)
You are covered in fur. (AC +1)
Your paws help you pounce on unaware monsters.
You are incapable of wielding weapons or throwing items.
You cannot wear armour.
You gain extra lives every three experience levels.


Message History

c - 2 scrolls labelled SASAPEVIOLA
There is a stone staircase leading down here.
You climb downwards.
Grinder and a dart slug come into view.
Grinder shouts!
Found a stone staircase leading down.
There is a stone staircase leading up here.
Found a trident.
Found a stone staircase leading up.
There is a stone staircase leading down here.
Magic restored.
You climb downwards.
A hobgoblin comes into view.
The hobgoblin shouts!
You hear a shout! x5
There is a stone staircase leading up here. 2 goblins come into view.
The goblin shouts! x2; You hear a shout!
As you read the scroll labelled TUNIDU FITRUIH, it crumbles to dust.
It is a scroll of enchant armour.
You aren't carrying any armour which can be enchanted further.
As you read the scroll labelled SASAPEVIOLA, it crumbles to dust.
You hear a loud clanging noise!
It was a scroll of noise.
You hear a shout!
You hear an angry hiss.
You hear a shout!
As you read the scroll labelled KASKAMN BYNUT, it crumbles to dust.
The creatures around you are filled with an inner flame!
It was a scroll of immolation.
There is a stone staircase leading up here.
You closely miss the hobgoblin. The hobgoblin closely misses you.
You closely miss the hobgoblin. The goblin completely misses you.
The hobgoblin misses you.
Casting: Freeze (safe; 4% risk of failure)
Confirm with . or Enter, or press ? or * to list all spells.
Aiming: Freeze (safe; 4% risk of failure)
Press: ? - help, Shift-Dir - straight line, f - hobgoblin
Aim: a hobgoblin (inner flame)
You freeze the hobgoblin.
The hobgoblin explodes!
The fiery explosion engulfs you!!
Ouch! That really hurt!
You die...

......# .....
..... ... ...
#.# #.# #@#
##§# ##§g#
##..g## #.....#
#...###........
#...# #........
...# #........
.## .........


You could see 2 goblins.

Vanquished Creatures
  A bat (D:2)
  A hobgoblin (D:4)
  A frilled lizard (D:2)
  A rat (D:1)
4 creatures vanquished.

Notes
Turn   | Place    | Note
-------+----------+-------------------------------------------
     0 | D:1      | CurlyBrace the Felid Ice Elementalist began the quest for
                  | the Orb.
     0 | D:1      | Reached XP level 1. HP: 7/7 MP: 4/4
    84 | D:3      | Noticed Grinder
    99 | D:4      | Killed by an exploding hobgoblin... ignited by their inner
                  | flame

Illustrated notes

Levels and vault maps discovered:
D:1:      onia_arrival_handbag, layout_rooms, serial_forest,
          infiniplex_forest_straight_2, infiniplex_forest_clump_medium,
          infiniplex_forest_lined_corner, infiniplex_forest_clump_cross,
          infiniplex_forest_straight_3, infiniplex_forest_clump_curved,
          infiniplex_forest_corner_1, infiniplex_forest_pool,
          infiniplex_forest_clump_C, shapermc_ecumenical_altar_mp_highgroup,
          grunt_decor_cap
D:2:      layout_basic, basic_altar
D:3:      layout_basic, serial_bayou, serial_bayou_shore_b, serial_bayou_pond_c,
          serial_bayou_shore_a, serial_bayou_crossing, uniq_terence,
          uniq_sigmund, uniq_grinder
D:4:      layout_cave_pods, kennysheep_mini, chequers_serial_rivers_room_b,
          uniq_natasha, uniq_robin

Action                   || total
-------------------------++-------
Melee: Unarmed           ||     3
 Cast: Freeze            ||     3
  Use: Scroll            ||     3
 Stab: Sleeping          ||     1
Dodge: Dodged            ||     3

Table legend: (Time is in decaauts)
 A = Elapsed time spent in this place.
 B = Non-inter-level travel time spent in this place.
 C = Inter-level travel time spent in this place.
 D = Time resting spent in this place.
 E = Time spent auto-exploring this place.
 F = Levels seen in this place.
 G = Mean time per level.
                   A        B        C        D        E       F      G
               +--------+--------+--------+--------+--------+-----+--------+
         Total |     84 |     84 |      0 |      0 |      0 |   4 |   21.0 |
       Dungeon |     84 |     84 |      0 |      0 |      0 |   4 |   21.0 |
               +--------+--------+--------+--------+--------+-----+--------+

Top non-repeatable levels by time:
     D:2: 54 daAuts
     D:1: 17 daAuts
     D:4: 10 daAuts
     D:3: 2 daAuts
